 Dungeon Crawl Stone Soup version 0.28-b1-25-g9875b3fc8c (webtiles) character file.

Game seed: 18080154184222842270

93 zeram the Ducker (level 4, -3/31 HPs)
             Began as an Octopode Fighter on Feb 2, 2022.
             Splashed by a jelly's acid (5 damage)
             ... on level 1 of the Dungeon.
             The game lasted 00:03:48 (1772 turns).

zeram the Ducker (Octopode Fighter)                 Turns: 1772, Time: 00:03:49

Health: -3/31      AC:  1    Str: 15    XL:     4   Next: 61%
Magic:  4/4        EV: 13    Int: 12    God:
Gold:   103        SH:  4    Dex: 11    Spells: 1/3 levels left

rFire   . . .      SeeInvis .   a - +1 rapier (elec)
rCold   . . .      Faith    .   b - +0 buckler
rNeg    . . .      Spirit   .   (helmet restricted)
rPois   .          Reflect  .   (no amulet)
rElec   .          Harm     .   (no ring)
rCorr   .          Rampage  .   (no ring)
Will    .....                   (no ring)
Stlth   +++.......              (no ring)
HPRegen 0.10/turn               (no ring)
MPRegen 0.09/turn               (no ring)
                                (no ring)
                                (no ring)

@: invisible
A: almost no armour, amphibious, 8 rings, camouflage 1, gelatinous body 1,
(nimble swimmer 1), tentacles
a: no special abilities


You were on level 1 of the Dungeon.
You visited 1 branch of the dungeon, and saw 2 of its levels.

You collected 103 gold pieces.

Inventory:

Hand Weapons
 a - a +1 rapier of electrocution (weapon)
Missiles
 k - a throwing net (quivered)
Armour
 b - a +0 buckler (worn)
Scrolls
 d - 3 scrolls of enchant weapon
 f - a scroll of teleportation {unknown}
 i - a scroll of enchant armour {unknown}
 l - a scroll of identify
Potions
 c - a potion of might
 g - a potion of brilliance {unknown}
 h - a potion of curing {unknown}
 j - a potion of lignification {unknown}


   Skills:
 - Level 3.0 Fighting
 + Level 3.1 Short Blades
 + Level 3.7 Dodging
 + Level 1.7 Stealth
 * Level 3.5 Shields
 * Level 0.3 Hexes
 * Level 0.3 Ice Magic


You had one spell level left.
You knew the following spells:

 Your Spells              Type           Power      Damage    Failure   Level
a - Ensorcelled Hibernat  Hex/Ice        0%         N/A       50%         2

Your spell library contained the following spells:

 Spells                   Type           Power      Damage    Failure   Level
 Slow                     Hex            0%         N/A       36%         1
 Passwall                 Tmut/Erth      0%         N/A       54%         2
 Sublimation of Blood     Necr           0%         N/A       54%         2
 Wereblood                Tmut           0%         N/A       54%         2
 Confusing Touch          Hex            0%         N/A       75%         3
 Swiftness                Air            0%         N/A       78%         3
 Vampiric Draining        Necr           0%         2d6       78%         3
 Summon Hydra             Summ           0%         N/A       100%        7


Dungeon Overview and Level Annotations

Branches:
Dungeon (2/15)

Altars:

Shops:
D:1 :


Innate Abilities, Weirdness & Mutations

You cannot wear most types of armour.
You are amphibious.
You can wear up to eight rings at the same time.
Your skin changes colour to match your surroundings (Stealth+).
Your rubbery body absorbs attacks. (AC +1, EV +1)
((You are camouflaged when in or above water. (Stealth+)))
You have tentacles for arms and can constrict up to eight enemies at once.


Message History

There is an open door here.
There are monsters nearby!
There are monsters nearby!
The helpless jelly fails to defend itself.
You puncture the jelly!
Your tentacles burn!
The jelly is moderately wounded.
The jelly hits you.
You are splashed with acid!
The jelly hits you.
You are splashed with acid!
* * * LOW HITPOINT WARNING * * *
The endoplasm quivers.
The endoplasm freezes you.
You are frozen.
* * * LOW HITPOINT WARNING * * *
There is an open door here.
Things that are here:
a +0 dagger; 5 stones
Okay, then.
There is an open door here.
As you close the door, it creaks loudly!
You start resting.
You hear a slurping noise.
The jelly eats the door!
The jelly closely misses you. The jelly misses you.
There is an open gate here.
Things that are here:
a +0 short sword; a kobold corpse You open the door.
The jelly closely misses you.
There is an open door here.
There is a stone staircase leading up here.
The jelly hits you.
* * * LOW HITPOINT WARNING * * *
You are splashed with acid!
* * * LOW HITPOINT WARNING * * *
You climb upwards.
There is a stone staircase leading down here.
You fade into invisibility!
You block the jelly's attack.
You hit the jelly.
Your tentacles burn!
You die...

#........'.........#.........#
#........#########.#######.#.#
######+######### #...#...#.#.#
#.##......# ###.#.....#.# #
#.##.####.#####.###.###.# #
#.##.####.#.......#.###.#
######.##.#....#.#.....#...#.#
.....).##.#.####J#.#.#######.#
................@#.#.........#
..#####.....####.#.#..########
..#................##...#
..#.###..#######.##)....##
..#.###..#.......#..##...#
..#.#....#.####.#..##♣...#
#.#.#.#....#......###....#
#.#......##..#######P....#
#.#.#.#.##..## #P.P♣.#


You could see a jelly.

Vanquished Creatures
  2 adders (D:2)
  A gnoll (D:1)
  A dart slug (D:1)
  2 endoplasms
  6 goblins
  5 hobgoblins
  11 jackals
  2 quokkas
  4 ball pythons
  6 bats
  2 frilled lizards (D:1)
  12 kobolds
  7 rats
61 creatures vanquished.

Vanquished Creatures (others)
  3 fungi (D:2)
  11 toadstools (D:2)
14 creatures vanquished.

Grand Total: 75 creatures vanquished

Notes
Turn   | Place    | Note
-------+----------+-------------------------------------------
     0 | D:1      | zeram the Octopode Fighter began the quest for the Orb.
     0 | D:1      | Reached XP level 1. HP: 16/16 MP: 1/1
    41 | D:1      | Reached XP level 2. HP: 17/21 MP: 2/2
   493 | D:1      | Reached XP level 3. HP: 26/26 MP: 3/3
   552 | D:1      | Found Cokocivi's Book Shop.
  1064 | D:2      | Reached skill level 1 in Stealth
  1153 | D:2      | Learned a level 2 spell: Ensorcelled Hibernation
  1355 | D:2      | Reached XP level 4. HP: 29/31 MP: 4/4
  1772 | D:1      | Splashed by a jelly's acid

Illustrated notes

Levels and vault maps discovered:
D:1:      denvon_arrival_planthouse, layout_basic, serial_shops,
          nicolae_shop_temple_entry_statues_fountains, minmay_unequal
D:2:      cheibrodos_fertilizer, layout_basic, minmay_tiny_reverse_x

Skill      XL: |  1  2  3  4 |
---------------+-------------+-----
Stealth        | 1 |  1.7
Short Blades   | 3 |  3.1
Fighting       | |  3.0
Dodging        | |  3.7
Shields        | |  3.5
Hexes          | |  0.3
Ice Magic      | |  0.3

Action                   |  1- 3 |  4- 6 || total
-------------------------+-------+-------++-------
Melee: Rapier            |    71 |    35 ||   106
       Constrict         |    14 |     8 ||    22
       Tentacles         |     5 |     5 ||    10
       Punch             |       |     1 ||     1
  Use: Scroll            |     4 |       ||     4
       Potion            |       |     1 ||     1
 Stab: Sleeping          |     4 |     3 ||     7
Armor: Skin              |     8 |     4 ||    12
Dodge: Dodged            |    40 |    30 ||    70
Block: Buckler           |    16 |     6 ||    22
